 Dungeon Crawl Stone Soup version 0.26.1-2-gb8aa6d0cf2 (webtiles) character file.

Game seed: 14261015613083593585

91 FishyPogo the Grave Robber (level 4, -2/33 HPs)
             Began as a Ghoul Necromancer on Feb 23, 2021.
             Killed from afar by Natasha (6 damage)
             ... with a magic dart
             ... on level 2 of the Dungeon.
             The game lasted 00:09:36 (2177 turns).

FishyPogo the Grave Robber (Ghoul Necromancer)      Turns: 2177, Time: 00:09:37

Health: -2/33      AC:  2    Str: 11    XL:     4   Next: 57%
Magic:  0/6        EV: 12    Int: 11    God:
Gold:   84         SH:  0    Dex:  9    Spells: 2/7 levels left

rFire    . . .     SeeInvis .   d - +0 short sword
rCold    + . .     Faith    .   (no shield)
rNeg     + + +     Spirit   .   a - +0 robe
rPois    ∞         Reflect  .   (no helmet)
rElec    .         Harm     .   (no cloak)
rCorr    .         Rampage  .   (no gloves)
Will     .....                  (no boots)
Stlth    ++........             (no amulet)
HPRegen  0.00/turn              (no ring)
MPRegen  0.10/turn              (no ring)

@: slowed, very slow
A: claws 1, cold resistance 1, negative energy resistance 3, inhibited
regeneration, torment resistance, unbreathing
a: no special abilities


You were on level 2 of the Dungeon.
You visited 1 branch of the dungeon, and saw 2 of its levels.

You collected 84 gold pieces.

Inventory:

Hand Weapons
 d - a +0 short sword (weapon)
 n - a +3 quarterstaff
Missiles
 i - 54 stones
Armour
 a - a +0 robe (worn)
Scrolls
 b - 4 scrolls of amnesia {unknown}
 c - 4 scrolls of remove curse {unknown}
 f - 6 scrolls of teleportation {unknown}
 g - 2 scrolls of identify {unknown}
 h - a scroll of magic mapping {unknown}
 k - a scroll of fear {unknown}
 l - a scroll of enchant armour {unknown}
 m - a scroll of fog {unknown}
Potions
 e - a potion of heal wounds {unknown}
 j - a potion of lignification
 o - a potion of curing


   Skills:
 + Level 2.5 Dodging
 + Level 3.3 Stealth
 + Level 2.4 Spellcasting
 + Level 4.5 Necromancy


You had 2 spell levels left.
You knew the following spells:

 Your Spells              Type           Power        Failure   Level
a - Pain                  Necr           44%          4%          1
b - Vampiric Draining     Necr           5%           13%         3
y - Animate Skeleton      Necr           22%          4%          1

Your spell library contained the following spells:

 Spells                   Type           Power        Failure   Level
 Animate Dead             Necr           5%           41%         4
 Agony                    Necr           11%          77%         5


Dungeon Overview and Level Annotations

Branches:
Dungeon (2/15)

Altars:
Uskayaw

Annotations:
D:2 Natasha


Innate Abilities, Weirdness & Mutations

You thrive by killing the living.
You are immune to poison.
You have sharp fingernails.
Your flesh is cold resistant. (rC+)
You are immune to negative energy. (rN+++)
You do not regenerate when monsters are visible.
You are immune to unholy pain and torment.
You can survive without breathing.


Message History

Unknown command.
You barely miss Natasha.
Natasha is severely wounded.
Natasha barely misses you. The shadow imp closely misses you.
Natasha claws you. The shadow imp hits you.
Casting: Pain (safe; 4% risk of failure)
Confirm with . or Enter, or press ? or * to list all spells.
Aiming: Pain (safe; 4% risk of failure)
Press: ? - help, Shift-Dir - straight line, f/p - Natasha
Aim: Natasha (severely wounded, chance to affect: 66%) Natasha writhes in agony.
Natasha claws you.
* * * LOW HITPOINT WARNING * * *
The shadow imp barely misses you. Natasha claws you.
* * * LOW HITPOINT WARNING * * *
The shadow imp barely misses you.
You hit Natasha but do no damage.
Natasha is almost dead.
Natasha stares at you and mumbles some strange words.
The magic dart hits you.
You die...

#.## ###.# ## ##.#
###.#####. #..#
#...<..... #.##
#.........
#.#####.........
###...........)...
##...#####.........
#..<.# #.........
#.@### #.........
...†..5h#
#.........
....###.#
#......... ... ..#
##....#### .. .##
...### . #. #### ..
.# #


You could see Natasha and a shadow imp (summoned).

Vanquished Creatures
  Natasha (D:2)
  2 adders (D:2)
  2 dart slugs
  A leopard gecko (D:1)
  9 bats
  3 giant cockroaches (D:1)
  3 goblins
  5 hobgoblins
  5 jackals
  3 frilled lizards
  7 kobolds
  2 rats
43 creatures vanquished.

Vanquished Creatures (collateral kills)
  A bat (D:2)
1 creature vanquished.

Grand Total: 44 creatures vanquished

Notes
Turn   | Place    | Note
-------+----------+-------------------------------------------
     0 | D:1      | FishyPogo the Ghoul Necromancer began the quest for the
                  | Orb.
     0 | D:1      | Reached XP level 1. HP: 14/14 MP: 2/2
   321 | D:1      | Learned a level 1 spell: Animate Skeleton
   375 | D:1      | Reached XP level 2. HP: 20/20 MP: 3/3
   741 | D:1      | Reached XP level 3. HP: 19/26 MP: 0/5
  1659 | D:2      | Found a hide-covered altar of Uskayaw.
  1678 | D:2      | Noticed Natasha
  1684 | D:2      | Killed Natasha
  1685 | D:2      | Reached XP level 4. HP: 30/33 MP: 1/6
  2066 | D:2      | Learned a level 3 spell: Vampiric Draining
  2164 | D:2      | Noticed Natasha
  2177 | D:2      | Killed from afar by Natasha

Illustrated notes

Levels and vault maps discovered:
D:1:      lightli_arrival_farm, layout_basic, serial_rivers,
          chequers_serial_rivers_large_a, chequers_serial_rivers_micro_e,
          chequers_serial_rivers_large_b, chequers_serial_rivers_micro_b,
          chequers_serial_rivers_micro_d, chequers_serial_rivers_micro_a
D:2:      layout_rooms, eat_drink_and_be_merry_uskayaw,
          chequers_ecumenical_altar_island, uniq_natasha

Skill      XL: |  1  2  3 |
---------------+----------+-----
Dodging        | 2 |  2.5
Spellcasting   | 2 |  2.4
Stealth        | 3 |  3.3
Necromancy     | |  4.5

Action                   |  1- 3 |  4- 6 || total
-------------------------+-------+-------++-------
Melee: Unarmed           |     9 |       ||     9
       Short sword       |    49 |    50 ||    99
 Cast: Pain              |    41 |    17 ||    58
       Animate Skeleton  |     7 |     8 ||    15
  Use: Potion            |       |     3 ||     3
 Stab: Sleeping          |     2 |       ||     2
Armor: Robe              |     7 |    14 ||    21
Dodge: Dodged            |    38 |    54 ||    92
